 Dungeon Crawl Stone Soup version 0.21.1-1-g345015fe64 (webtiles) character file.

44 Ivernyr the Charmwright (level 3, 0/27 HPs)
             Began as a Human Skald on May 2, 2018.
             Slain by a quokka (2 damage)
             ... on level 3 of the Dungeon.
             The game lasted 00:03:37 (1674 turns).

Ivernyr the Charmwright (Human Skald)               Turns: 1674, Time: 00:03:38

Health: 0/27       AC:  3    Str: 11    XL:     3   Next: 85%
Magic:  6/6        EV: 12    Int: 13    God:
Gold:   60         SH:  0    Dex: 13    Spells: 1/6 levels left

rFire    . . .     SeeInvis .   a - +0 falchion
rCold    . . .     Gourm    .   (no shield)
rNeg     . . .     Faith    .   b - +0 leather armour
rPois    .         Spirit   .   (no helmet)
rElec    .         Reflect  .   (no cloak)
rCorr    .         Harm     .   (no gloves)
MR       .....                  (no boots)
Stlth    +.........             g - amulet of magic regeneration
HPRegen  0.09/turn              (no ring)
MPRegen  0.35/turn              (no ring)

@: shrouded
A: no striking features
a: no special abilities


You were on level 3 of the Dungeon.
You were not hungry.

You visited 1 branch of the dungeon, and saw 3 of its levels.

You collected 60 gold pieces.

Inventory:

Hand Weapons
 a - a +0 falchion (weapon)
Armour
 b - a +0 leather armour (worn)
 e - a +0 pair of gloves
Jewellery
 g - an amulet of magic regeneration (around neck)
 o - an uncursed ring of protection from fire {unknown}
Wands
 q - a wand of digging (9)
Scrolls
 h - a scroll of enchant armour {unknown}
 i - 3 scrolls of teleportation {unknown}
 k - a scroll of magic mapping {unknown}
 l - a scroll of remove curse {unknown}
 p - a scroll of random uselessness {unknown}
 s - a scroll of fear {unknown}
Potions
 f - a potion of brilliance {unknown}
 j - 2 potions of haste {unknown}
 m - a potion of flight {unknown}
 n - 2 potions of berserk rage {unknown}
 r - a potion of cancellation {unknown}
Books
 c - a book of Battle

   Spells                             Type                      Level
   a - Infusion                       Charms                       1
   b - Shroud of Golubria             Charms/Translocation         2
   c - Song of Slaying                Charms                       2
   d - Spectral Weapon                Hexes/Charms                 3
   e - Regeneration                   Charms/Necromancy            3
Comestibles
 d - 3 rations


   Skills:
 - Level 2.0 Fighting
 + Level 2.5 Long Blades
 * Level 2.4 Armour
 - Level 2.0 Dodging
 - Level 2.0 Spellcasting
 + Level 3.3 Charms


You had one spell level left.
You knew the following spells:

 Your Spells              Type           Power        Failure   Level  Hunger
a - Shroud of Golubria    Chrm/Tloc      #.........   26%         2    ###....
b - Song of Slaying       Chrm           ##......     13%         2    ###....
c - Infusion              Chrm           ##..         9%          1    ##.....


Dungeon Overview and Level Annotations

Branches:
Dungeon (3/15)

Altars:
Ashenzari


Message History

Casting: Shroud of Golubria
Confirm with . or Enter, or press ? or * to list all spells.
Space distorts slightly along a thin shroud covering your body.
The quokka misses you.
You completely miss the quokka. The quokka closely misses you.
The quokka bites you but does no damage.
You hit the quokka.
The quokka is lightly wounded.
The quokka completely misses you.
You hit the quokka.
The quokka is moderately wounded.
The quokka misses you.
You hit the quokka.
The quokka is heavily wounded.
Your shroud bends the quokka's attack away.
The quokka barely misses you.
You closely miss the quokka.
The quokka is heavily wounded.
The quokka bites you.
You die...

#....# . #....##..
#.......# #.......(
############.......#
#............####...
#..........###.... .
#..........##..#
#.....†....r@.#
#..........####
#..........#
#.........<#
#..........#
#..[.......#
#####.###### #. #.


You could see a quokka.

Vanquished Creatures
  An adder (D:2)
  An ooze (D:1)
  A dart slug (D:2)
  2 leopard geckos
  A giant cockroach (D:3)
  6 goblins (D:1)
  2 hobgoblins
  A quokka (D:2)
  2 ball pythons
  4 kobolds
  6 rats
27 creatures vanquished.

Notes
Turn   | Place    | Note
-------+----------+-------------------------------------------
     0 | D:1      | Ivernyr the Human Skald began the quest for the Orb.
     0 | D:1      | Reached XP level 1. HP: 16/16 MP: 3/3
    64 | D:1      | Found a shattered altar of Ashenzari.
    76 | D:1      | Reached XP level 2. HP: 13/22 MP: 5/5
   716 | D:1      | Reached XP level 3. HP: 26/27 MP: 6/6
   872 | D:2      | Learned a level 2 spell: Song of Slaying
   875 | D:2      | Learned a level 2 spell: Shroud of Golubria
  1668 | D:3      | HP: 1/27 [quokka (3)]
  1674 | D:3      | Slain by a quokka

Skill      XL: |  1  2 |
---------------+-------+-----
Armour         | 2 |  2.4
Fighting       | |  2.0
Long Blades    | |  2.5
Dodging        | |  2.0
Spellcasting   | |  2.0
Charms         | |  3.3

Action                   || total
-------------------------++-------
Melee: Falchion          ||   106
 Cast: Shroud of Golubri ||     3
  Eat: Ration            ||     1
Armor: Leather armour    ||    23
Dodge: Dodged            ||    66
       Rpst.: Falchion   ||    18
